AoeStats
← Lord_Wilfredo

Arabia

504324108Analyzed
1v1 RM · 28d ago on Sep 4, 2026· 42m 38s· 2 players
Game mode
Random Map
Map size
Tiny (2 player)
Population
200
Speed
Normal
Resources
Standard
Victory
Conquest
Starting age
Dark Age
Ending age
Imperial Age
RankedLock teamsTeams togetherTeam positionsShared explorationLock speedFull tech treeHidden civsTurbo modeCheats
Victory
Defeat
🇪🇸 Lithuanians · Spain
1286
+15
🇦🇷 Mongols · Argentina
1265
-15
Lord_Wilfredo
8:01 Loom
10:02 Feudal Age
13:23 Town Watch
15:35 Wheelbarrow
21:26 Castle Age
20:37 Fletching
21:02 Bloodlines
22:05 Double-Bit Axe
22:24 Bodkin Arrow
25:32 Padded Archer Armor
38:13 Imperial Age
36:59 Leather Archer Armor
36:55 Forging
38:02 Husbandry
38:05 Horse Collar
38:41 Bow Saw
39:10 Iron Casting
39:38 Conscription
40:27 Hand Cart
40:39 Heavy Camel Rider
kikemzhz
7:11 Loom
9:32 Feudal Age
10:11 Double-Bit Axe
10:55 Horse Collar
16:35 Wheelbarrow
19:50 Castle Age
18:58 Gold Mining
19:28 Bloodlines
19:34 Forging
22:00 Bow Saw
24:09 Pikeman
24:50 Squires
30:52 Iron Casting
31:38 Husbandry
37:21 Scale Barding Armor
37:17 Scale Mail Armor
38:02 Town Watch
39:41 Heavy Plow
Connection lost

Rejoining the realm…

Still unreachable

The connection could not be restored.

Session expired

The server has moved on; the page needs a fresh start.